 Dungeon Crawl Stone Soup version 0.28.0 (webtiles) character file.

Game seed: 2838878853676305040

289 reversiblehash the Covered (level 6, -8/57 HPs)
             Began as a Minotaur Fighter on Feb 19, 2022.
             Was an Initiate of Gozag.
             Mangled by an ogre (15 damage)
             ... on level 4 of the Dungeon.
             The game lasted 00:04:50 (4311 turns).

reversiblehash the Covered (Minotaur Fighter)       Turns: 4311, Time: 00:04:51

Health: -8/57      AC:  7    Str: 23    XL:     6   Next: 9%
Magic:  5/5        EV:  9    Int:  5    God:    Gozag
Gold:   176        SH:  4    Dex:  9    Spells: 5/5 levels left

rFire   + . .      SeeInvis .   m - +3 spear
rCold   + . .      Faith    .   c - +0 buckler
rNeg    . . .      Spirit   .   b - +0 scale mail
rPois   .          Reflect  .   (helmet restricted)
rElec   .          Harm     .   o - scarf {rC+ rF+}
rCorr   .          Rampage  .   (no gloves)
Will    .....                   (no boots)
Stlth   ..........              (no amulet)
HPRegen 0.19/turn               (no ring)
MPRegen 0.09/turn               (no ring)

@: no status effects
A: horns 2, retaliatory headbutt
a: Renounce Religion, Potion Petition, Call Merchant, Bribe Branch


You were on level 4 of the Dungeon.
You worshipped Gozag.
Gozag was aware of your devotion.
You visited 2 branches of the dungeon, and saw 6 of its levels.

You collected 239 gold pieces.
You paid 63 gold pieces to Gozag.

Inventory:

Hand Weapons
 a - a +0 war axe
 m - a +3 spear (weapon)
Missiles
 n - 6 poisoned darts (quivered)
Armour
 b - a +0 scale mail (worn)
 c - a +0 buckler (worn)
 o - a scarf of resistance (worn)
Jewellery
 f - a ring of ice
Wands
 j - a wand of acid (7)
Scrolls
 i - a scroll of enchant weapon
 l - a scroll of teleportation
 p - a scroll of vulnerability {unknown}
 q - a scroll of magic mapping {unknown}
Potions
 d - a potion of lignification {unknown}
 e - a potion of degeneration {unknown}
 g - a potion of curing {unknown}
 h - a potion of brilliance {unknown}
 k - 2 potions of heal wounds {unknown}
 r - a potion of magic {unknown}


   Skills:
 * Level 5.8 Fighting
 - Level 2.4 Axes
 * Level 6.1 Armour
 + Level 4.7 Shields


You had 5 spell levels left.
You didn't know any spells.
Your spell library contained the following spells:

 Spells                   Type           Power      Damage    Failure   Level
 Animate Skeleton         Necr           0%         N/A       85%         1
 Apportation              Tloc           0%         N/A       85%         1
 Pain                     Necr           0%         1d4       85%         1
 Summon Small Mammal      Summ           0%         N/A       85%         1
 Sublimation of Blood     Necr           0%         N/A       94%         2
 Summon Guardian Golem    Hex/Summ       0%         N/A       99%         3
 Vampiric Draining        Necr           0%         2d6       99%         3
 Petrify                  Tmut/Erth      0%         N/A       100%        4
 Irradiate                Conj/Tmut      0%         3d13      100%        5
 Orb of Destruction       Conj           0%         9d5       100%        7
 Spellforged Servitor     Conj/Summ      0%         N/A       100%        7


Dungeon Overview and Level Annotations

Branches:
Dungeon (5/15)             Temple (1/1) D:4

Altars:
Ashenzari
Cheibriados
Dithmenos
Elyvilon
Fedhas
Gozag
Hepliaklqana
Makhleb
Nemelex Xobeh
Okawaru
Qazlal
Ru
Sif Muna
Trog
Uskayaw
Vehumet
Wu Jian
Xom
Yredelemnul
Zin
The Shining One


Innate Abilities, Weirdness & Mutations

You have a pair of horns on your head.
You reflexively headbutt those who attack you in melee.


Message History

You are too injured to fight recklessly!
You are too injured to fight recklessly!
You are too injured to fight recklessly!
You are too injured to fight recklessly!
You are too injured to fight recklessly!
You are too injured to fight recklessly!
You are too injured to fight recklessly!
You are too injured to fight recklessly!
You are too injured to fight recklessly!
You are too injured to fight recklessly!
You are too injured to fight recklessly!
You are too injured to fight recklessly!
You are too injured to fight recklessly!
You are too injured to fight recklessly!
You are too injured to fight recklessly!
You are too injured to fight recklessly!
You are too injured to fight recklessly!
You are too injured to fight recklessly!
You are too injured to fight recklessly!
You are too injured to fight recklessly!
You completely miss the ogre. You headbutt the ogre.
The ogre is moderately wounded.
The ogre hits you but does no damage.
You barely miss the ogre.
The ogre is moderately wounded.
You hit the ogre. Your headbutt misses the ogre.
The ogre is heavily wounded.
The ogre closely misses you. You furiously retaliate!
You headbutt the ogre. You hit the ogre.
The ogre is heavily wounded.
The ogre closely misses you.
You puncture the ogre! Your headbutt misses the ogre.
The ogre is almost dead.
The ogre hits you with a +0 giant club!
* * * LOW HITPOINT WARNING * * *
You barely miss the ogre.
The ogre is almost dead.
The ogre hits you with a +0 giant club!
You die...
Your body crumbles into a pile of gold.

#<......#
#.###.##.#......#
#[#####.#
#.###.##...##.#.#
#.# #.#
#.#........##.#.#
#.# #.#
#....<........#.#
#.# #.#
####.#......####.#
#.#####.#
#.......##..####.#
#.......#
#................#
####.####
#.......##.#.#####
#.# #...@...##.#.#
#.# #....O..##.#.#
#.# #.......##.#.#
#.# #:...........#
#.# ##########.###
#.# #.#
####.#############
#.#
#................#
#.#
#.##...####.####.#
#.#


You could see an ogre.

Vanquished Creatures
  An ogre (D:4)
  A water moccasin skeleton (D:4)
  An iguana (D:4)
  A howler monkey skeleton (D:4)
  4 adders
  4 dart slugs
  2 worms
  2 orcs
  7 ball pythons
  10 bats
  3 endoplasms
  3 giant cockroaches (D:1)
  8 goblins
  5 hobgoblins
  6 jackals
  7 kobolds
  4 quokkas
  A frilled lizard (D:3)
  5 rats
75 creatures vanquished.

Notes
Turn   | Place    | Note
-------+----------+-------------------------------------------
     0 | D:1      | reversiblehash the Minotaur Fighter began the quest for the
                  | Orb.
     0 | D:1      | Reached XP level 1. HP: 19/19 MP: 0/0
   135 | D:1      | Reached XP level 2. HP: 27/27 MP: 1/1
   173 | D:1      | Reached skill level 4 in Armour
   259 | D:1      | Found a faded altar of an unknown god.
   763 | D:1      | Reached XP level 3. HP: 33/33 MP: 2/2
  1670 | D:2      | Reached XP level 4. HP: 41/41 MP: 3/3
  2719 | D:3      | Reached skill level 5 in Armour
  2843 | D:4      | Reached skill level 5 in Fighting
  2870 | D:4      | Noticed an ogre
  2879 | D:4      | Killed an ogre
  2880 | D:4      | Reached XP level 5. HP: 8/48 MP: 4/4
  3268 | D:4      | Found a staircase to the Ecumenical Temple.
  3298 | D:4      | Reached skill level 6 in Armour
  3376 | Temple   | Entered the Ecumenical Temple
  3644 | Temple   | Became a worshipper of Gozag Ym Sagoz the Greedy
  3697 | D:4      | Reached XP level 6. HP: 32/57 MP: 5/5
  4298 | D:5      | Entered Level 5 of the Dungeon
  4298 | D:5      | Noticed an ice beast
  4311 | D:4      | Mangled by an ogre

Illustrated notes

Levels and vault maps discovered:
D:1:      elethiomel_arrival_infinity_welcomes_careful_drivers,
          layout_loops_corners, basic_ecumenical_altar, minmay_pentomino_w2
D:2:      layout_loops_corners, nrook_uturn, nicolae_figureground_pulse,
          uniq_crazy_yiuf_cottage
D:3:      layout_loops_cross
D:4:      layout_loops_cross, minmay_temple_entry_mist
D:5:      layout_layer_cave
Temple:   nicolae_temple_the_god_donut

Skill      XL: |  1  2  3  4  5 |
---------------+----------------+-----
Fighting       | 4 5 |  5.8
Armour         | 4 5 6 |  6.1
Shields        | 4 |  4.7
Axes           | |  2.4

Action                   |  1- 3 |  4- 6 || total
-------------------------+-------+-------++-------
Melee: War axe           |    86 |    44 ||   130
       Headbutt          |    12 |    16 ||    28
       Spear             |       |    68 ||    68
  Use: Scroll            |       |     2 ||     2
       Potion            |       |     1 ||     1
Armor: Scale mail        |    45 |    40 ||    85
Dodge: Dodged            |    31 |    58 ||    89
Block: Buckler           |    21 |    22 ||    43
